 Dungeon Crawl Stone Soup version 0.30.1-11-g7821555f0a (webtiles) character file.

Game seed: 3500614696433236987

5596 SacredBeard the Martial Artist (level 10, -5/77 HPs)
             Began as a Demonspawn Necromancer on Nov 6, 2023.
             Slain by a two-headed ogre
             ... wielding a +0 giant club
              (18 damage)
             ... on level 10 of the Dungeon.
             The game lasted 00:32:13 (11390 turns).

SacredBeard the Martial Artist (DsNe)              Turns: 11390, Time: 00:32:14

Health: -5/77      AC:  9    Str: 15    XL:     10   Next: 45%
Magic:  15/17      EV: 15    Int: 24    God:
Gold:   665        SH:  0    Dex: 14    Spells: 14/19 levels left

rFire   . . .        q - +9 spear of Ikeox {freeze, +Blink Str+4 Stlth-}
rCold   + . .        (no shield)
rNeg    . . .        Q - +0 scale mail {rC+}
rPois   .            p - +0 helmet
rElec   .            (no cloak)
rCorr   .            (no gloves)
SInv    .            (no boots)
Will    .....        (no amulet) Stlth
                     c - +5 ring of evasion
HPRegen 0.32/turn    j - +6 ring of intelligence
MPRegen 0.30/turn

%: no passive effects
@: no status effects
A: claws 2, molten scales 1, powered by death 1, magic regeneration
a: Evoke Blink


You were on level 10 of the Dungeon.
You visited 3 branches of the dungeon, and saw 12 of its levels.

You collected 665 gold pieces.

Inventory:

Hand Weapons
 q - the +9 spear of Ikeox (weapon) {freeze, +Blink Str+4 Stlth-}
   (You found it on level 7 of the Dungeon)

   Str:       It affects your strength (+4).
   +Blink:    It lets you blink.
   Stlth:     It makes you less stealthy.
 s - a +0 spear
Missiles
 k - 8 poisoned darts
 v - 59 stones
 E - 9 javelins
 K - 4 curare-tipped darts
Armour
 p - a +0 helmet (worn)
 M - a +3 plate armour
 Q - a +0 scale mail of cold resistance (worn)
Jewellery
 c - a +5 ring of evasion (left claw)
 j - a +6 ring of intelligence (right claw)
 m - a ring of see invisible
 B - a +6 ring of strength
Wands
 i - a wand of iceblast (6)
 l - a wand of flame (9)
 y - a wand of acid (9)
Scrolls
 f - 2 scrolls of noise
 g - 2 scrolls of fear {unknown}
 h - a scroll of enchant armour {unknown}
 n - a scroll of teleportation
 o - 3 scrolls of fog
 u - 2 scrolls of immolation
 x - 2 scrolls of acquirement {unknown}
 F - 4 scrolls of enchant weapon
 G - 2 scrolls of torment {unknown}
 H - 3 scrolls of magic mapping {unknown}
 L - 3 scrolls of amnesia {unknown}
 O - a scroll of vulnerability {unknown}
Potions
 a - 2 potions of brilliance {unknown}
 b - 3 potions of magic
 d - 3 potions of mutation
 e - a potion of invisibility {unknown}
 r - 3 potions of attraction
 t - 2 potions of haste {unknown}
 w - 3 potions of heal wounds {unknown}
 z - 4 potions of berserk rage {unknown}
 A - 2 potions of curing
 C - 2 potions of might {unknown}
 D - a potion of resistance {unknown}
 I - a potion of cancellation {unknown}
 J - a potion of degeneration {unknown}
 N - a potion of flight {unknown}
 P - 2 potions of lignification {unknown}


   Skills:
 + Level 6.3 Fighting
 - Level 2.0 Throwing
 + Level 2.6 Armour
 + Level 2.6 Dodging
 - Level 3.0 Stealth
 * Level 9.9 Unarmed Combat
 - Level 5.0 Spellcasting
 - Level 7.0 Necromancy
 - Level 3.0 Evocations


You had 14 spell levels left.
You knew the following spells:

 Your Spells              Type           Power      Damage    Failure   Level
a - Necrotise             Necr           100%       1d9       1%          1
b - Animate Dead          Necr           39%        N/A       19%         4

Your spell library contained the following spells:

 Spells                   Type           Power      Damage    Failure   Level
 Vampiric Draining        Necr           39%        2d8       5%          3
 Cigotuvi's Dreadful Rot  Necr/Pois/Air  34%        N/A       21%         2
 Apportation              Tloc           12%        N/A       32%         1
 Freeze                   Ice            24%        1d4       32%         1
 Sandblast                Erth           12%        2d6       32%         1
 Summon Small Mammal      Summ           24%        N/A       32%         1
 Blink                    Tloc           12%        N/A       45%         2
 Lesser Beckoning         Tloc           12%        N/A       45%         2
 Momentum Strike          Conj/Tloc      12%        3d8       45%         2
 Passwall                 Tmut/Erth      5%         N/A       45%         2
 Agony                    Necr           39%        N/A       45%         5
 Call Canine Familiar     Summ           6%         N/A       69%         3
 Dazzling Flash           Conj/Hex       12%        N/A       69%         3
 Frozen Ramparts          Ice            12%        1d2       69%         3
 Hailstorm                Conj/Ice       6%         3d4       69%         3
 Ignite Poison            Fire/Tmut/Pois 6%         N/A       69%         3
 Portal Projectile        Hex/Tloc       12%        N/A       69%         3
 Stone Arrow              Conj/Erth      12%        3d7       69%         3
 Tukima's Dance           Hex            6%         N/A       69%         3
 Leda's Liquefaction      Hex/Erth       3%         N/A       97%         4
 Passage of Golubria      Tloc           6%         N/A       97%         4
 Blade Hands              Tmut           3%         N/A       100%        5
 Fireball                 Conj/Fire      3%         3d4       100%        5
 Freezing Cloud           Conj/Ice/Air   3%         6-21      100%        5
 Iskenderun's Battlesphe  Conj           6%         2d6       100%        5
 Silence                  Hex/Air        3%         N/A       100%        5
 Conjure Ball Lightning   Conj/Air       3%         3x3d6     100%        6
 Orb of Destruction       Conj           3%         9d5       100%        7
 Lehudib's Crystal Spear  Conj/Erth      3%         10d2      100%        8


Dungeon Overview and Level Annotations

Branches:
Dungeon (10/15) Zot: 26185  Temple (1/1) D:7 Zot: 5882    Lair (1/5) D:8 Zot: 5991
    Orc: D:9-12

Altars:
Ashenzari
Cheibriados
Dithmenos
Fedhas
Gozag
Hepliaklqana
Kikubaaqudgha
Makhleb
Nemelex Xobeh
Okawaru
Qazlal
Ru
Sif Muna
Trog
Uskayaw
Vehumet
Wu Jian
Xom
Yredelemnul

Shops:
D:4 =   D:6 *


Innate Abilities, Weirdness & Mutations

You have very sharp fingernails.
You are partially covered in molten scales. (AC +2)
You regenerate a little health from kills.
You regenerate magic rapidly.


Message History

Found a ring mail.
F - 4 scrolls of enchant weapon (gained 1)
There is an open door here.
A two-headed ogre is nearby!
You can't see any susceptible monsters within range! (Use Z to cast anyway.)
The two-headed ogre shouts in stereo!
The two-headed ogre struggles to resist.
You swap places.
Your yak zombie gores the two-headed ogre.
The two-headed ogre hits your yak zombie with a +0 giant club! x2
You swap places.
Your yak zombie closely misses the two-headed ogre.
You swap places.
The two-headed ogre hits your yak zombie with a +0 giant club!! x2
Your yak zombie is destroyed!
You swap places.
The two-headed ogre hits your yak zombie with a +0 giant club!
The two-headed ogre hits your yak zombie with a +0 giant club!!
Your yak zombie gores the two-headed ogre but does no damage.
The two-headed ogre hits your yak zombie with a +0 giant club! x2
Your yak zombie is destroyed!
The two-headed ogre writhes in agony!
The two-headed ogre writhes in agony.
The two-headed ogre writhes in agony.
The two-headed ogre struggles to resist.
You completely miss the two-headed ogre.
The two-headed ogre is moderately wounded.
The two-headed ogre hits you with a +0 giant club.
The two-headed ogre hits you with a +0 giant club!!
You puncture the two-headed ogre! You freeze the two-headed ogre.
The two-headed ogre is heavily wounded.
You hit the two-headed ogre. You freeze the two-headed ogre.
You claw the two-headed ogre!
The two-headed ogre is almost dead.
The two-headed ogre hits you with a +0 giant club!! x2
* * * LOW HITPOINT WARNING * * *
You hit the two-headed ogre. You freeze the two-headed ogre.
The two-headed ogre is almost dead.
The two-headed ogre hits you with a +0 giant club!!
You die...

######'#### #'####
#.....>...#
......####.........#
......'.##.........#
#.##..Z......#
#.##.........#
#.##.........#
#O##.........'[
#.@'.........###
####.........#
###########


You could see a two-headed ogre.

Vanquished Creatures
  An elephant (D:8)
  2 trolls
  A wyvern (D:8)
  Grum (D:8)
  4 yaks
  A steam dragon (D:6)
  2 basilisks (D:8)
  2 acid dragons
  3 black bears
  An orc warrior (D:9)
  3 ogres
  2 wolves (D:8)
  A centaur (D:7)
  A gnoll sergeant (D:7)
  5 bullfrogs
  3 scorpions
  4 wights (D:6)
  7 killer bees (D:10)
  5 electric eels (D:8)
  A howler monkey (D:5)
  3 jellies
  A hound (D:7)
  2 orc priests
  8 iguanas
  2 sleepcaps (D:5)
  Natasha (thrice) (D:2)
  5 orc wizards
  13 gnolls
  5 adders
  A shadow imp (D:7)
  A white imp (D:8)
  3 ufetubi
  A worm (D:2)
  2 dart slugs
  18 orcs
  2 endoplasms (D:1)
  4 goblins
  2 hobgoblins
  7 jackals (D:2)
  5 kobolds
  6 ball pythons
  5 bats
  3 frilled lizards
  4 rats
156 creatures vanquished.

Vanquished Creatures (collateral kills)
  An orc warrior (D:6)
  A centaur (D:10)
  A hound (D:5)
  A sleepcap (D:8)
  An orc wizard (D:6)
  2 gnolls
  An adder (D:2)
  2 orcs
10 creatures vanquished.

Vanquished Creatures (others)
  A wizard (D:7)
  2 yak zombies (D:10)
  An orc zombie (D:6)
  A gnoll zombie (D:6)
5 creatures vanquished.

Grand Total: 171 creatures vanquished

Notes
Turn   | Place    | Note
-------+----------+-------------------------------------------
     0 | D:1      | SacredBeard the Demonspawn Necromancer began the quest for
                  | the Orb.
     0 | D:1      | Reached XP level 1. HP: 13/13 MP: 3/3
   157 | D:1      | Gained mutation: You regenerate magic rapidly. [demonic
                  | ancestry]
   157 | D:1      | Reached XP level 2. HP: 19/19 MP: 1/5
   866 | D:2      | Reached skill level 5 in Necromancy
  1098 | D:2      | Noticed Natasha
  1104 | D:2      | Killed Natasha
  1105 | D:2      | Gained mutation: You have sharp fingernails. [demonic
                  | ancestry]
  1105 | D:2      | Reached XP level 3. HP: 24/24 MP: 0/6
  1229 | D:2      | Noticed Natasha
  1239 | D:2      | Killed Natasha
  1240 | D:2      | Reached XP level 4. HP: 28/30 MP: 1/8
  1398 | D:2      | Noticed Natasha
  1404 | D:2      | Killed Natasha
  1529 | D:2      | Reached XP level 5. HP: 35/35 MP: 3/9
  2807 | D:4      | Reached XP level 6. HP: 41/41 MP: 4/11
  3016 | D:4      | Found Reroplir's Jewellery Emporium.
  3272 | D:4      | Reached skill level 5 in Spellcasting
  3479 | D:4      | Found a snail-covered altar of Cheibriados.
  3592 | D:5      | Entered Level 5 of the Dungeon
  3631 | D:5      | Reached skill level 1 in Unarmed Combat
  3631 | D:5      | Gained mutation: You are partially covered in molten
                  | scales. (AC +2) [demonic ancestry]
  3631 | D:5      | Reached XP level 7. HP: 47/47 MP: 9/14
  3648 | D:5      | Noticed a steam dragon
  3762 | D:5      | Reached skill level 1 in Fighting
  3767 | D:5      | Reached skill level 2 in Unarmed Combat
  4332 | D:5      | Reached skill level 1 in Throwing
  4332 | D:5      | Reached skill level 1 in Armour
  4332 | D:5      | Reached skill level 1 in Evocations
  4437 | D:5      | Found an iron altar of Okawaru.
  4843 | D:6      | Gained mutation: You regenerate a little health from kills.
                  | [demonic ancestry]
  4843 | D:6      | Reached XP level 8. HP: 58/58 MP: 10/15
  4970 | D:6      | Found a stormy altar of Qazlal.
  5165 | D:6      | Found Raallet's General Store.
  5383 | D:5      | Found a basalt altar of Yredelemnul.
  5418 | D:6      | Noticed a troll
  5832 | D:7      | Found a staircase to the Ecumenical Temple.
  6013 | D:7      | Reached skill level 3 in Unarmed Combat
  6042 | D:7      | Found a bloodstained altar of Trog.
  6043 | D:7      | Noticed a wizard
  6049 | D:7      | Killed a wizard
  6370 | D:7      | Reached skill level 4 in Unarmed Combat
  6442 | D:7      | Found a hazy altar of Hepliaklqana.
  6450 | D:7      | Identified the +9 spear of Ikeox {freeze, +Blink Str+4
                  | Stlth-}
  6526 | D:7      | You fall into a shaft and drop 2 floors!
  6532 | D:9      | Learned a level 4 spell: Animate Dead
  6533 | D:9      | Noticed a troll
  6540 | D:9      | Killed a troll
  6688 | D:9      | Reached skill level 5 in Unarmed Combat
  6688 | D:9      | Gained mutation: You have very sharp fingernails. [demonic
                  | ancestry]
  6688 | D:9      | Reached XP level 9. HP: 62/66 MP: 7/16
  6884 | D:8      | Reached skill level 5 in Fighting
  7048 | D:8      | Noticed Grum
  7056 | D:8      | Reached skill level 6 in Unarmed Combat
  7068 | D:8      | Killed Grum
  7211 | D:8      | Noticed an elephant
  7212 | D:8      | Found a staircase to the Lair.
  7343 | Temple   | Entered the Ecumenical Temple
  7949 | D:6      | Killed a troll
  7950 | D:6      | Reached skill level 7 in Unarmed Combat
  8296 | D:6      | Reached skill level 8 in Unarmed Combat
  9164 | D:8      | Reached XP level 10. HP: 64/76 MP: 17/17
  9401 | D:8      | Killed an elephant
  9402 | D:8      | Reached skill level 9 in Unarmed Combat
 10029 | D:8      | Found a radiant altar of Vehumet.
 10234 | D:8      | Found a sparkling altar of Nemelex Xobeh.
 10234 | D:8      | Found an opulent altar of Gozag.
 10400 | D:9      | Found a shadowy altar of Dithmenos.
 10571 | D:10     | Entered Level 10 of the Dungeon
 10594 | D:10     | Noticed a two-headed ogre
 10637 | D:10     | Noticed a gargoyle
 10672 | Lair:1   | Entered Level 1 of the Lair of Beasts
 10789 | D:10     | Found a blossoming altar of Fedhas.
 11390 | D:10     | Slain by a two-headed ogre

Illustrated notes

Levels and vault maps discovered:
D:1:      tarquinn_simple_flora_water_d, layout_loops_ring,
          minmay_misc_feat_pillars
D:2:      layout_loops_ring, uniq_natasha
D:3:      layout_loops_corners, mainiacjoe_overflow_six_doors_small,
          nicolae_concentric_dashed_squares_wild
D:4:      layout_basic, lemuel_round_altar, serial_shops, shop, kennysheep_boxes
D:5:      layout_loops_ring, mainiacjoe_overflow_alcove_1, okawaru_trees_2
D:6:      layout_loops_ring, lemuel_round_altar, serial_shops,
          nicolae_shop_behind_doors, hangedman_abyss_or_decor_stagger,
          grunt_potential
D:7:      layout_basic, nicolae_hepliaklqana_hazy_memory, trog_wizard,
          minmay_temple_entry_tees
D:8:      layout_basic, grunt_temple_overflow_opulence, lemuel_crystal_altar,
          david_lair_generic, serial_bayou, serial_bayou_lagoon_b,
          serial_bayou_pond_e, serial_bayou_pond_a, roderic_lattice_a, uniq_grum
D:9:      layout_gridville, overflow_temple_1_default
D:10:     layout_roguey, kennysheep_mini, mainiacjoe_overflow_tiny_flanked,
          minivault_7
Temple:   kb_temple_of_zot
Lair:1:   layout_chaotic_city

Skill      XL: |  1  2  3  4  5  6  7  8  9 10 |
---------------+-------------------------------+-----
Necromancy     | 5 6 7 |  7.0
Spellcasting   | 3 5 |  5.0
Dodging        | 2 |  2.6
Unarmed Combat | 1 2 5 8 9 |  9.9
Fighting       | 3 4 6 |  6.3
Throwing       | 2 |  2.0
Armour         | 2 |  2.6
Evocations     | 2 3 |  3.0
Stealth        | 3 |  3.0

Action                     |  1- 3 |  4- 6 |  7- 9 | 10-12 || total
---------------------------+-------+-------+-------+-------++-------
  Melee: Unarmed           |     1 |       |     9 |       ||    10
         Dagger            |     8 |    12 |    70 |       ||    90
         Spear             |       |       |    50 |    52 ||   102
         Punch             |       |       |     3 |     6 ||     9
   Cast: Necrotise         |    51 |    97 |   275 |    82 ||   505
         Animate Dead      |       |       |     3 |     1 ||     4
  Evoke: Wand              |       |       |     2 |       ||     2
    Use: Scroll            |       |       |     9 |       ||     9
         Potion            |       |       |     1 |       ||     1
 Armour: Robe              |     2 |       |       |       ||     2
         Leather armour    |       |    12 |    62 |       ||    74
         Scale mail        |       |       |     6 |    25 ||    31
  Dodge: Dodged            |    17 |    37 |   293 |    77 ||   424
